 Dungeon Crawl Stone Soup version 0.30-a0-1164-ge08a67761e (webtiles) character file.

Game seed: 18078257271222345255

233 Arcadio the Ducker (level 5, 0/38 HPs)
             Began as a Minotaur Enchanter on Apr 29, 2023.
             Slain by a black bear (1 damage)
             ... on level 4 of the Dungeon.
             The game lasted 00:07:33 (3573 turns).

Arcadio the Ducker (Minotaur Enchanter)             Turns: 3573, Time: 00:07:33

Health: 0/38       AC:  2    Str: 15    XL:     5   Next: 75%
Magic:  7/7        EV: 12    Int: 12    God:
Gold:   204        SH:  0    Dex: 10    Spells: 8/8 levels left

rFire   . . .        l - +1 dagger (freeze)
rCold   . . .        (no shield)
rNeg    . . .        b - +0 robe
rPois   .            (helmet restricted)
rElec   .            (no cloak)
rCorr   .            (no gloves)
SInv    .            (no boots)
Will    .....        (no amulet)
Stlth   ++           (no ring)
HPRegen 0.26/turn    (no ring)
MPRegen 0.10/turn

%: no passive effects
@: no status effects
A: horns 2, retaliatory headbutt
a: no special abilities


You were on level 4 of the Dungeon.
You visited 1 branch of the dungeon, and saw 4 of its levels.

You collected 204 gold pieces.

Inventory:

Hand Weapons
 a - a +1 dagger
 l - a +1 dagger of freezing (weapon)
Armour
 b - a +0 robe (worn)
 d - a scarf of invisibility
Wands
 r - a wand of paralysis (6)
 s - a wand of roots (6)
Scrolls
 f - a scroll of fog {unknown}
 h - 7 scrolls of identify {unknown}
 j - a scroll of noise {unknown}
 k - 6 scrolls of teleportation {unknown}
 m - 2 scrolls of enchant weapon {unknown}
 o - a scroll of fear {unknown}
 q - a scroll of blinking {unknown}
 t - a scroll of vulnerability {unknown}
 u - a scroll of immolation {unknown}
 v - a scroll of enchant armour {unknown}
Potions
 c - 3 potions of invisibility
 e - 2 potions of magic {unknown}
 g - 3 potions of mutation {unknown}
 i - a potion of lignification {unknown}
 n - 2 potions of flight {unknown}
 p - 3 potions of curing {unknown}


   Skills:
 + Level 2.9 Short Blades
 + Level 3.5 Dodging
 + Level 3.3 Stealth
 + Level 2.1 Spellcasting
 + Level 2.6 Hexes


You had 8 spell levels left.
You didn't know any spells.
Your spell library contained the following spells:

 Spells                   Type           Power      Damage    Failure   Level
 Ensorcelled Hibernation  Hex/Ice        8%         N/A       24%         2
 Confusing Touch          Hex            7%         N/A       26%         3
 Tukima's Dance           Hex            7%         N/A       26%         3
 Dazzling Flash           Conj/Hex       8%         N/A       43%         3


Dungeon Overview and Level Annotations

Branches:
Dungeon (4/15) Zot: 20446
 Temple: D:4-7

Altars:
Ru
Sif Muna
Xom

Annotations:
D:3 Natasha


Innate Abilities, Weirdness & Mutations

You have a pair of horns on your head.
You reflexively headbutt those who attack you in melee.


Message History

The black bear bites you but does no damage.
The black bear closely misses you. The black bear claws you.
You hit the black bear but do no damage.
The black bear is moderately wounded.
The black bear misses you. The black bear closely misses you.
The black bear claws you.
You barely miss the black bear.
The black bear is moderately wounded.
You hit the black bear. You freeze the black bear.
The black bear is heavily wounded.
The black bear bites you. The black bear claws you. The black bear misses you.
You hit the black bear. You freeze the black bear.
The black bear is heavily wounded.
The black bear closely misses you.
The black bear claws you but does no damage.
The black bear claws you.
* * * LOW HITPOINT WARNING * * *
You closely miss the black bear.
The black bear is heavily wounded.
The black bear bites you.
* * * LOW HITPOINT WARNING * * *
The black bear claws you but does no damage.
The black bear claws you.
* * * LOW HITPOINT WARNING * * *
You barely miss the black bear.
The black bear is heavily wounded.
The black bear barely misses you. The black bear misses you.
The black bear closely misses you.
You hit the black bear. You freeze the black bear.
Your headbutt misses the black bear.
The black bear is severely wounded.
The black bear bites you.
* * * LOW HITPOINT WARNING * * *
The black bear claws you but does no damage.
The black bear barely misses you.
You hit the black bear but do no damage.
You headbutt the black bear.
The black bear is severely wounded.
The black bear barely misses you. The black bear claws you.
You die...

#.#.#.#.#.#.#.#......##.......#..
.#.#.#.#.#.#.#.##........#....#..
##############...........###..#..
##..........<....#.#
#..........####'#..
#...#'##..##......#
#######...#.###..........
#.........#.# #.^^.....##
#.......@.#.# #.^_^....#
#......h###+###.^^^....##
######.................##
#...........#.....##
#...........#.....## #..........
######## #.....(.... #.......
........... #...(... ....###....#
#.......


You could see a black bear.

Vanquished Creatures
  A hound (D:4)
  Natasha (D:3)
  An iguana (D:4)
  Ijyb (D:4)
  7 adders
  An ufetubus (D:4)
  A worm (D:2)
  A dart slug (D:2)
  An orc (D:4)
  9 ball pythons
  4 endoplasms
  3 giant cockroaches (D:1)
  3 goblins
  6 hobgoblins
  4 quokkas
  3 bats (D:1)
  6 frilled lizards
  7 kobolds
  2 rats
62 creatures vanquished.

Vanquished Creatures (others)
  4 toadstools (D:1)
4 creatures vanquished.

Grand Total: 66 creatures vanquished

Notes
Turn   | Place    | Note
-------+----------+-------------------------------------------
     0 | D:1      | Arcadio the Minotaur Enchanter began the quest for the Orb.
     0 | D:1      | Reached XP level 1. HP: 14/14 MP: 1/1
   110 | D:1      | Reached XP level 2. HP: 20/20 MP: 1/3
   833 | D:2      | Reached XP level 3. HP: 14/26 MP: 4/4
  1222 | D:2      | Reached XP level 4. HP: 33/33 MP: 5/5
  2164 | D:3      | Noticed Natasha
  2180 | D:3      | Killed Natasha
  2511 | D:3      | Reached XP level 5. HP: 33/38 MP: 7/7
  2648 | D:3      | Noticed Natasha
  2795 | D:4      | Noticed Ijyb
  2807 | D:4      | Killed Ijyb
  3015 | D:4      | Found a shimmering altar of Xom.
  3042 | D:4      | Found a shimmering blue altar of Sif Muna.
  3109 | D:4      | Found a sacrificial altar of Ru.
  3447 | D:4      | Noticed a black bear
  3572 | D:4      | HP: 1/38 [black bear (5)]
  3573 | D:4      | Slain by a black bear

Illustrated notes

Levels and vault maps discovered:
D:1:      ldierk_walled_garden_2, layout_loops_ring, nrook_loot_triangle
D:2:      layout_basic
D:3:      layout_basic, grunt_decor_junction, minmay_snake_closets, uniq_natasha
D:4:      layout_basic, xom_teletrap_fun, mainiacjoe_overflow_catch_the_wave,
          eino_tiny_chamber, wad_floor_pattern_untrapped, uniq_ijyb

Skill      XL: |  1  2  3  4 |
---------------+-------------+-----
Short Blades   | 2 |  2.9
Dodging        | 3 |  3.5
Stealth        | 3 |  3.3
Spellcasting   | 2 |  2.1
Hexes          | |  2.6

Action                     |  1- 3 |  4- 6 || total
---------------------------+-------+-------++-------
  Melee: Dagger            |    78 |    97 ||   175
         Headbutt          |    11 |    12 ||    23
   Stab: Sleeping          |     4 |     7 ||    11
 Armour: Robe              |    14 |    10 ||    24
  Dodge: Dodged            |    47 |    56 ||   103

Table legend: (Time is in decaauts)
 A = Elapsed time spent in this place.
 B = Non-inter-level travel time spent in this place.
 C = Inter-level travel time spent in this place.
 D = Time resting spent in this place.
 E = Time spent auto-exploring this place.
 F = Levels seen in this place.
 G = Mean time per level.
                   A        B        C        D        E       F      G
               +--------+--------+--------+--------+--------+-----+--------+
         Total |   3553 |   3531 |     22 |      0 |   2870 |   4 |  888.2 |
       Dungeon |   3553 |   3531 |     22 |      0 |   2870 |   4 |  888.2 |
               +--------+--------+--------+--------+--------+-----+--------+

Top non-repeatable levels by time:
     D:3: 1013 daAuts
     D:2: 990 daAuts
     D:4: 830 daAuts
     D:1: 719 daAuts
